 Dungeon Crawl Stone Soup version 0.30-b1-2-g02819fbbbe (webtiles) character file.

Game seed: 10538450552635422515

11227 LLlMATKO the Cleaver (level 11, -1/85 (101) HPs)
             Began as a Minotaur Berserker on Oct 8, 2023.
             Was a High Priest of Trog.
             Succumbed to a hornet's poison
             ... while paralysed by a hornet
             ... on level 11 of the Dungeon.
             The game lasted 00:10:48 (10253 turns).

LLlMATKO the Cleaver (Minotaur Berserker)          Turns: 10253, Time: 00:10:48

HP:   -1/85 (101)   AC: 20    Str: 25    XL:     11   Next: 46%
MP:   10/10         EV:  2    Int:  4    God:    Trog [*****.]
Gold: 749           SH:  0    Dex: 11    Spells: 10/10 levels left

rFire   + . .        G - +2 hand axe (heavy)
rCold   . . .        y - +0 tower shield
rNeg    . . .        M - +0 plate armour
rPois   .            (helmet restricted)
rElec   .            D - +0 cloak
rCorr   .            b - +0 pair of gloves
SInv    .            m - +1 pair of boots
Will    +....        f - amulet of reflection Stlth
                     e - ring of willpower
HPRegen 0.34/turn    p - ring of protection from fire
MPRegen 0.12/turn

%: reflection
@: paralysed, lethally poisoned (-1 -> -12), marked, on berserk cooldown,
slowed, heavily drained
A: horns 2, retaliatory headbutt
a: Renounce Religion, Berserk, Trog's Hand, Brothers in Arms


You were on level 11 of the Dungeon.
You worshipped Trog.
Trog was extremely pleased with you.
You visited 1 branch of the dungeon, and saw 11 of its levels.
You also visited: Sewer.

You collected 749 gold pieces.

Inventory:

Hand Weapons
 h - a +0 hand axe
 z - a +0 war axe
 B - a +0 war axe
 G - a +2 heavy hand axe (weapon)
 J - a +4 spear of venom
 N - a +0 heavy hand axe
Missiles
 d - 2 javelins (quivered)
Armour
 b - a +0 pair of gloves (worn)
 m - a +1 pair of boots (worn)
 y - a +0 tower shield (worn)
 D - a +0 cloak (worn)
 M - a +0 plate armour (worn)
Jewellery
 e - a ring of willpower (left hand)
 f - an amulet of reflection (around neck)
 p - a ring of protection from fire (right hand)
 H - an amulet of regeneration
Wands
 a - a wand of iceblast (13)
 k - a wand of mindburst (17)
 n - a wand of flame (8)
Scrolls
 c - 6 scrolls of identify
 l - a scroll of acquirement {unknown}
 u - a scroll of enchant armour {unknown}
 v - 2 scrolls of poison {unknown}
 w - 3 scrolls of fog {unknown}
 x - a scroll of blinking
 C - a scroll of torment {unknown}
 E - 2 scrolls of magic mapping {unknown}
 F - 2 scrolls of teleportation
 I - 4 scrolls of silence {unknown}
 O - 2 scrolls of amnesia {unknown}
 P - a scroll of enchant weapon {unknown}
 Q - a scroll of fear
Potions
 g - 7 potions of curing
 i - a potion of might {unknown}
 j - 4 potions of lignification {unknown}
 o - 2 potions of attraction {unknown}
 q - 2 potions of mutation {unknown}
 r - 5 potions of flight
 s - a potion of heal wounds {unknown}
 t - a potion of invisibility
 A - a potion of cancellation {unknown}
 K - a potion of haste {unknown}
 L - a potion of ambrosia {unknown}


   Skills:
 + Level 10.6 Fighting
 + Level 10.7 Axes
 + Level 10.3 Armour
 + Level 9.4 Dodging
 + Level 9.1 Shields


You had 10 spell levels left.
You didn't know any spells.
Your spell library was empty.

Dungeon Overview and Level Annotations

Branches:
Dungeon (11/15)            Temple (0/1) D:7            Lair (0/5) D:9
    Orc (0/2) D:11          Sewer (visited)

Altars:
Cheibriados
Dithmenos
Fedhas
Hepliaklqana
Nemelex Xobeh
Sif Muna
Xom
Yredelemnul
The Shining One

Shops:
D:4 ?   D:8 :   D:9 [


Innate Abilities, Weirdness & Mutations

You have a pair of horns on your head.
You reflexively headbutt those who attack you in melee.


Message History

Something hits you!
* * * LOW HITPOINT WARNING * * *
Something hits you but does no damage.
Items here: ( ) [ †.
You barely miss something. Something hits you but does no damage.
You feel a strong urge to attack something.
You closely miss something. Something hits you.
* * * LOW HITPOINT WARNING * * *
Something completely misses you.
Items here: ( ) [ †.
You slash something! Your headbutt misses something.
Something completely misses you. Something hits you.
* * * LOW HITPOINT WARNING * * *
You completely miss something.
You are no longer berserk.
You are exhausted.
You feel yourself slow down.
Something hits you but does no damage. x2
You miss something. Your headbutt misses something.
Something hits you but does no damage. x2; Something hits you.
* * * LOW HITPOINT WARNING * * *
You swing at nothing.
Something hits you but does no damage. x2
You hit something. Your headbutt misses something.
You block something's attack.
A hornet comes into view.
Something hits you but does no damage.
You barely miss something. You headbutt something.
You block something's attack. The hornet stings you.
* * * LOW HITPOINT WARNING * * *
You feel as though you will be slow longer.
You block the hornet's attack.
You hit the hornet but do no damage. Your headbutt misses the hornet.
You block the hornet's attack. x2
The hornet stings you but does no damage.
You closely miss the hornet. You headbutt the hornet!
The hornet is moderately wounded.
The hornet stings you!
* * * LOW HITPOINT WARNING * * *
You are lethally poisoned!
You suddenly lose the ability to move!
The hornet completely misses you.
You die...

#.# #.#.... ######.#######
+########.#...# ..............
..............#
....##.###########.########.#.#.#
....................:... .#.#...#
................................†
.....#+#########........#.#......
............ #y#.####.#########
............ #@# # .....
............ #.# .....
......>..... #.# #####
.....#####..# #.# ....
............. #.# ####
...#.######.# #.# #### ..†..# #..
.... ######### ### #### .........
.


You could see a hornet.

Vanquished Creatures
  Harold (D:11)
  3 two-headed ogres
  A boulder beetle (D:11)
  An ugly thing (D:11)
  An elephant (D:9)
  3 kobold demonologists (D:9)
  3 trolls
  Prince Ribbit (D:9)
  4 wyverns
  2 wraiths (D:9)
  A basilisk (D:9)
  3 steam dragons
  A water moccasin (D:9)
  An acid dragon (D:8)
  5 ice beasts
  A black bear (D:9)
  An orc warrior (D:6)
  2 sky beasts
  4 centaurs
  Blork the orc (D:6)
  5 bullfrogs
  4 kobold brigands
  2 scorpions (D:5)
  2 gnoll sergeants
  6 wights
  11 killer bees
  4 howler monkeys
  4 crimson imps (D:7)
  4 orc priests
  2 sleepcaps
  Crazy Yiuf (D:6)
  5 hounds
  Natasha (thrice) (D:3)
  A gnoll bouda (D:6)
  An iron imp (D:6)
  4 iguanas
  4 orc wizards
  13 gnolls
  7 adders
  3 river rats (Sewer)
  2 shadow imps (D:7)
  2 white imps
  2 ufetubi
  2 worms
  3 dart slugs
  29 orcs
  12 ball pythons
  12 bats
  5 endoplasms
  6 giant cockroaches
  2 goblins
  9 hobgoblins
  4 jackals
  5 quokkas
  4 frilled lizards
  3 goblin zombies (D:6)
  4 hobgoblin zombies (D:6)
  19 kobolds
  A kobold skeleton (D:6)
  A kobold zombie (D:6)
  2 orc skeletons (D:6)
  10 rats
265 creatures vanquished.

Vanquished Creatures (collateral kills)
  A scorpion (D:6)
  A sleepcap (D:6)
  2 white imps (D:6)
4 creatures vanquished.

Vanquished Creatures (others)
  3 fungi (D:6)
  72 plants (D:9)
75 creatures vanquished.

Grand Total: 344 creatures vanquished

Notes
Turn   | Place    | Note
-------+----------+-------------------------------------------
     0 | D:1      | LLlMATKO the Minotaur Berserker began the quest for the
                  | Orb.
     0 | D:1      | Reached XP level 1. HP: 19/19 MP: 0/0
   108 | D:1      | Reached XP level 2. HP: 27/27 MP: 1/1
   303 | D:1      | Reached ** piety under Trog
   363 | D:1      | Reached XP level 3. HP: 33/33 MP: 2/2
   737 | D:2      | Reached XP level 4. HP: 41/41 MP: 3/3
  1362 | D:3      | Noticed Natasha
  1369 | D:3      | Killed Natasha
  1441 | D:3      | Found a sparkling altar of Nemelex Xobeh.
  1597 | D:3      | Reached XP level 5. HP: 47/47 MP: 4/4
  1752 | D:3      | Noticed Natasha
  1756 | D:3      | Killed Natasha
  2188 | D:3      | Noticed Natasha
  2205 | D:3      | Killed Natasha
  2206 | D:3      | Reached skill level 5 in Axes
  2430 | D:4      | Found a basalt altar of Yredelemnul.
  2693 | D:4      | Found a glowing drain.
  2707 | D:4      | Reached skill level 5 in Fighting
  2710 | Sewer    | Entered a sewer
  2726 | Sewer    | Reached *** piety under Trog
  2903 | Sewer    | Reached XP level 6. HP: 55/56 MP: 5/5
  3557 | D:4      | Found Nadie's Magic Scroll Shop.
  3719 | D:5      | Entered Level 5 of the Dungeon
  3802 | D:5      | Noticed a sky beast
  3807 | D:5      | Reached skill level 1 in Shields
  3812 | D:5      | Killed a sky beast
  3813 | D:5      | Reached XP level 7. HP: 56/61 MP: 6/6
  3844 | D:5      | Reached skill level 5 in Armour
  4184 | D:5      | Reached **** piety under Trog
  4664 | D:6      | Reached skill level 5 in Dodging
  4789 | D:6      | Reached XP level 8. HP: 71/71 MP: 7/7
  4894 | D:6      | Noticed Blork the orc
  4907 | D:6      | Found a shimmering blue altar of Sif Muna.
  4913 | D:6      | Killed Blork the orc
  5081 | D:6      | Found a glowing golden altar of the Shining One.
  5587 | D:6      | Found a runed translucent door.
  5588 | D:6      | Noticed Crazy Yiuf
  5594 | D:6      | Killed Crazy Yiuf
  5694 | D:7      | Reached XP level 9. HP: 79/79 MP: 8/8
  5694 | D:7      | Found a staircase to the Ecumenical Temple.
  5705 | D:7      | Reached skill level 5 in Shields
  5848 | D:7      | Found a shimmering altar of Xom.
  6944 | D:8      | Reached ***** piety under Trog
  7030 | D:8      | Found Wufywnace's Book Shop.
  7256 | D:8      | Noticed a two-headed ogre
  7262 | D:8      | Killed a two-headed ogre
  7263 | D:8      | Reached XP level 10. HP: 70/90 MP: 9/9
  8037 | D:9      | Found a staircase to the Lair.
  8037 | D:9      | Noticed an elephant
  8045 | D:9      | Killed an elephant
  8186 | D:9      | Found a hazy altar of Hepliaklqana.
  8298 | D:9      | Found Jirucs's Armour Emporium.
  8349 | D:9      | Noticed a two-headed ogre
  8361 | D:9      | Killed a two-headed ogre
  8416 | D:9      | Found a blossoming altar of Fedhas.
  8417 | D:9      | Found a shadowy altar of Dithmenos.
  8431 | D:9      | Noticed a rust devil
  8441 | D:9      | Reached skill level 10 in Axes
  8825 | D:9      | Noticed Prince Ribbit
  8836 | D:9      | Killed Prince Ribbit
  8875 | D:10     | Entered Level 10 of the Dungeon
  9007 | D:10     | Noticed a two-headed ogre
  9016 | D:10     | Killed a two-headed ogre
  9017 | D:10     | Reached skill level 10 in Fighting
  9017 | D:10     | Reached XP level 11. HP: 58/99 MP: 10/10
  9169 | D:10     | Received a gift from Trog
  9574 | D:10     | Found a snail-covered altar of Cheibriados.
  9655 | D:11     | Noticed a red ugly thing
  9661 | D:11     | Killed a red ugly thing
  9677 | D:11     | Reached skill level 10 in Armour
 10041 | D:11     | Noticed a boulder beetle
 10057 | D:11     | Killed a boulder beetle
 10150 | D:11     | Found a staircase to the Orcish Mines.
 10219 | D:11     | Noticed Harold
 10239 | D:11     | Killed Harold
 10252 | D:11     | HP: 2/85 [hornet (10)]
 10252 | D:11     | Paralysed by a hornet for 3 turns
 10253 | D:11     | Succumbed to a hornet's poison

Illustrated notes

Levels and vault maps discovered:
D:1:      mrwooster_arrival_statue_2, layout_rooms
D:2:      layout_rooms
D:3:      layout_rooms, nemelex_spade_bored_becter, serial_co_window_serial,
          co_window_corner_a, co_window_corner_a, co_window_corner_a,
          co_window_of_opportunity_a, co_window_cross_1, co_window_paths_b,
          co_window_corner_b, co_window_cross_2, co_window_of_opportunity_c,
          co_window_broadway_c, co_window_corner_ca, co_window_unsneaky_path_d,
          co_window_unsneaky_path_e, glass_columns_c, glass_columns_b,
          glass_columns_a, glass_columns_a, uniq_natasha
D:4:      layout_basic, mainiacjoe_overflow_alcove_1, serial_shops,
          nicolae_shop_advertising_works [nicolae_subvault_shop_adworks],
          cheibrodos_sewer_entry_bend
D:5:      layout_cave_pods, chequers_serial_rivers_micro_d,
          minmay_curled_crystal
D:6:      layout_rooms, nicolae_tso_besieged_by_evil, tgw_sif,
          grunt_decor_clamped, grunt_ministairs_3, uniq_crazy_yiuf_cottage
D:7:      kb_forest_paths, layout_basic, led_xom_imps,
          minmay_temple_entry_slanted
D:8:      layout_basic, serial_rivers, chequers_serial_rivers_small_b,
          chequers_serial_rivers_micro_b, chequers_serial_rivers_micro_d,
          chequers_serial_rivers_small_b, serial_shops,
          nicolae_shop_hallway_plus
D:9:      layout_loops_ring, mainiacjoe_overflow_boulevard,
          mainiacjoe_overflow_catch_the_wave, david_lair_generic, serial_shops,
          kennysheep_little_box, uniq_prince_ribbit1
D:10:     layout_gridville, amcnicky_altar_gilded
D:11:     layout_basic, orc_0_dummy, uniq_harold

Skill      XL: |  1  2  3  4  5  6  7  8  9 10 11 |
---------------+----------------------------------+-----
Fighting       | 4 5 6 7 8 10 | 10.6
Axes           | 4 5 6 7 8 10 | 10.7
Armour         | 3 4 5 6 8 9 10 | 10.3
Dodging        | 3 4 5 6 7 8 9 |  9.4
Shields        | 1 3 4 6 8 9 |  9.1

Action                     |  1- 3 |  4- 6 |  7- 9 | 10-12 || total
---------------------------+-------+-------+-------+-------++-------
  Melee: Hand axe          |    54 |   167 |    40 |   184 ||   445
         Headbutt          |     5 |    24 |    56 |    42 ||   127
         Punch             |       |     2 |       |       ||     2
         War axe           |       |    10 |   245 |       ||   255
  Throw: Javelin           |       |     2 |       |       ||     2
 Invoke: Berserk           |     1 |       |     6 |     6 ||    13
         Trog's Hand       |       |       |     1 |       ||     1
         Brothers in Arms  |       |       |     1 |       ||     1
    Use: Scroll            |       |     6 |     3 |       ||     9
         Potion            |       |     2 |       |       ||     2
 Armour: Animal skin       |     5 |       |       |       ||     5
         Scale mail        |     7 |     8 |       |       ||    15
         Chain mail        |       |    79 |   114 |     2 ||   195
         Plate armour      |       |       |       |    77 ||    77
  Dodge: Dodged            |    32 |    68 |    65 |    44 ||   209
  Block: Other             |     3 |    31 |       |       ||    34
         Reflection        |       |     1 |    16 |     1 ||    18
         Tower shield      |       |    13 |   287 |   194 ||   494
